 Dungeon Crawl Stone Soup version 0.30.0-20-g3615ddf2f0 (webtiles) character file.

Game seed: 11122191759715192036

291 qw the Chopper (level 6, -1/38 HPs)
             Began as a Gargoyle Fighter on May 27, 2023.
             Slain by a gnoll
             ... wielding a +0 flail
             ... led by a gnoll bouda
              (7 damage)
             ... on level 4 of the Dungeon.
             The game lasted 00:01:39 (2460 turns).

qw the Chopper (Gargoyle Fighter)                   Turns: 2460, Time: 00:01:40

Health: -1/38      AC: 14    Str: 22    XL:     6   Next: 32%
Magic:  6/6        EV:  9    Int:  8    God:
Gold:   107        SH:  4    Dex:  9    Spells: 5/5 levels left

rFire   . . .        Y - +1 war axe
rCold   . . .        c - +0 buckler
rNeg    + . .        b - +0 scale mail
rPois   inf          (no helmet)
rElec   +            (no cloak)
rCorr   .            j - +2 pair of gloves
SInv    .            (no boots)
Will    .....        (no amulet) Stlth
                     (no ring)
HPRegen 0.26/turn    (no ring)
MPRegen 0.10/turn

%: no passive effects
@: about to teleport, weakened
A: sickness immunity, AC +4, negative energy resistance 1, electricity
resistance, torment resistance 1, petrification resistance
a: no special abilities


You were on level 4 of the Dungeon.
You visited 1 branch of the dungeon, and saw 4 of its levels.

You collected 107 gold pieces.


Innate Abilities, Weirdness & Mutations

You are immune to sickness and miasma.
Your stone body is resilient. (AC +4)
You are immune to poison.
You resist negative energy. (rN+)
You are resistant to electric shocks. (rElec)
You are resistant to unholy torment.
You are immune to petrification.


   Skills:
 - Level 4.0 Fighting
 + Level 5.3 Axes
 - Level 3.2 Armour
 - Level 1.1 Dodging
 - Level 3.2 Shields


You had 5 spell levels left.
You didn't know any spells.
Your spell library was empty.

Inventory:

Hand Weapons
 h - a +0 whip
 Y - a +1 war axe (weapon)
Armour
 b - a +0 scale mail (worn)
 c - a +0 buckler (worn)
 j - a +2 pair of gloves (worn)
Scrolls
 a - 3 scrolls of identify
 i - a scroll of poison {unknown}
Potions
 d - a potion of might
 f - a potion of lignification
 g - a potion of curing

Dungeon Overview and Level Annotations

Branches:
Dungeon (4/15)
 Temple: D:4-7

Altars:
Ashenzari

Shops:
D:2 :

Annotations:
D:2 Natasha


Message History

A gnoll is nearby!
The gnoll bouda shouts!
The gnoll hits you from afar with a +0 spear.
The gnoll bouda barks out a call to the hunt!
The gnoll picks up the pace!
You hear a shout!
The gnoll hits you but does no damage.
You slash the gnoll!
You kill the gnoll!
A gnoll comes into view. It is wielding a +0 spear.
You barely miss the gnoll bouda.
The gnoll throws a throwing net.
The throwing net hits you.
You become entangled in the net!
The gnoll bouda hits you but does no damage.
You struggle against the net.
The gnoll bouda hits you but does no damage.
A gnoll comes into view. It is wielding a +0 flail.
The gnoll hits you but does no damage.
You struggle against the net.
The gnoll bouda hits you with a +0 whip.
The gnoll hits you from afar with a +0 spear.
You rip the net and break free!
The gnoll bouda barely misses you. The gnoll hits you but does no damage.
You slash the gnoll bouda!
The gnoll bouda is heavily wounded.
The gnoll bouda gazes fiercely through you!
You feel your attacks grow feeble.
The gnoll bouda hits you with a +0 whip.
You block the gnoll's attack. The gnoll hits you but does no damage.
You hit the gnoll bouda.
The gnoll bouda is severely wounded.
You hit the gnoll. The gnoll bouda misses you.
The gnoll hits you with a +0 flail.
The gnoll hits you from afar with a +0 spear.
The gnoll bouda hits you with a +0 whip!
2460 ||| READING scroll of teleportation.
As you read the scroll of teleportation, it crumbles to dust.
You feel strangely unstable. The gnoll hits you with a +0 flail!
You die...

## ####.
######.!.
#......g####
#.....gg...#
#....)@.#
#.......#
#####.###
#...##
#####..###.##
##............
##...........##
#....#######.#
#....# #


You could see a gnoll bouda and 2 gnolls.

Vanquished Creatures
  An ice beast (D:3)
  An orc priest (D:3)
  Ijyb (D:3)
  Natasha (D:2)
  A gnoll (D:4)
  4 adders
  A worm (D:3)
  A dart slug (D:1)
  2 orcs (D:3)
  10 bats
  3 endoplasms
  7 giant cockroaches
  4 hobgoblins (D:1)
  7 kobolds
  3 quokkas (D:3)
  8 ball pythons
  4 frilled lizards
  6 goblins
  3 rats (D:1)
68 creatures vanquished.

Notes
Turn   | Place    | Note
-------+----------+-------------------------------------------
     0 | D:1      | qw the Gargoyle Fighter began the quest for the Orb.
     0 | D:1      | Reached XP level 1. HP: 14/14 MP: 1/1
     0 | D:1      | 0 ||| qw: Version: 0.2-a-100-g3d2c45e
     0 | D:1      | 0 ||| qw: Game counter: 196
     0 | D:1      | 0 ||| qw: Always use a shield: true
     0 | D:1      | 0 ||| qw: God list: Okawaru
     0 | D:1      | 0 ||| qw: Allow faded altars: false
     0 | D:1      | 0 ||| qw: Do Orc after D:15 true
     0 | D:1      | 0 ||| qw: Do second Lair branch before Depths: true
     0 | D:1      | 0 ||| qw: Lair rune preference: random
     0 | D:1      | 0 ||| qw: Plans: Normal, Zot:1-4, God:TSO, Crypt, Tomb,
                  | Pan, Slime:5, Hells, Abyss, Win
     0 | D:1      | 0 ||| PLANNING D:1-11
    28 | D:1      | Reached skill level 2 in Axes
    72 | D:1      | Reached XP level 2. HP: 19/19 MP: 2/2
    95 | D:1      | 95 ||| Stepping ~*~*~tactically~*~*~ (hiding).
   273 | D:1      | 273 ||| Stepping ~*~*~tactically~*~*~ (hiding).
   285 | D:1      | Reached skill level 3 in Axes
   307 | D:1      | Reached XP level 3. HP: 23/23 MP: 3/3
   364 | D:1      | 364 ||| DROPPING +1 heavy hand axe.
   785 | D:1      | 785 ||| READING 5 scrolls labelled BAANKISAACK.
   786 | D:1      | 786 ||| READING 2 scrolls labelled ORUMAL OWOEGH.
   787 | D:1      | 787 ||| READING scroll labelled OHAOXADW IRAS.
   788 | D:1      | 788 ||| READING 4 scrolls of identify.
   788 | D:1      | 788 ||| IDENTIFYING grey potion
   789 | D:1      | 789 ||| DROPPING potion of flight.
   842 | D:2      | 842 ||| DROPPING +0 heavy hand axe.
   855 | D:2      | Found Odas's Vocational Training.
  1003 | D:2      | 1003 ||| Stepping ~*~*~tactically~*~*~ (stealth).
  1007 | D:2      | 1007 ||| Stepping ~*~*~tactically~*~*~ (hiding).
  1072 | D:2      | 1072 ||| Stepping ~*~*~tactically~*~*~ (stealth).
  1081 | D:2      | Reached XP level 4. HP: 28/28 MP: 4/4
  1092 | D:2      | Noticed Natasha
  1102 | D:2      | Killed Natasha
  1103 | D:2      | Reached skill level 4 in Axes
  1407 | D:2      | Noticed Natasha
  1408 | D:2      | 1408 ||| Stepping ~*~*~tactically~*~*~ (stealth).
  1418 | D:2      | 1418 ||| UPGRADING to +1 pair of gloves.
  1423 | D:2      | 1423 ||| READING scroll of enchant armour.
  1423 | D:2      | 1423 ||| ENCHANTING +1 pair of gloves.
  1424 | D:2      | 1424 ||| DROPPING amulet of magic regeneration.
  1425 | D:2      | 1425 ||| READING 2 scrolls labelled JEOSTE ZIEFF.
  1428 | D:2      | 1428 ||| READING scroll labelled YCVYSHR BEPSUMAN.
  1432 | D:3      | Found a broken altar of Ashenzari.
  1433 | D:3      | 1433 ||| PLANNING SEWER
  1477 | D:3      | Noticed an ice beast
  1493 | D:3      | Killed an ice beast
  1494 | D:3      | Reached skill level 5 in Axes
  1494 | D:3      | Reached XP level 5. HP: 14/32 MP: 5/5
  1619 | D:3      | Reached XP level 6. HP: 38/38 MP: 6/6
  1621 | D:3      | 1621 ||| DROPPING +0 club.
  1759 | D:3      | Noticed Ijyb
  1760 | D:3      | 1760 ||| Stepping ~*~*~tactically~*~*~ (hiding).
  1770 | D:3      | Killed Ijyb
  1782 | D:3      | 1782 ||| Stepping ~*~*~tactically~*~*~ (stealth).
  1949 | D:3      | Reached skill level 1 in Dodging
  2073 | D:3      | 2073 ||| RIP SEWER
  2074 | D:3      | 2074 ||| PLANNING D:1-11
  2177 | D:3      | Found a faded altar of an unknown god.
  2400 | D:3      | 2400 ||| READING scroll labelled YGESAF CAANIBBAUXT.
  2401 | D:3      | 2401 ||| READING scroll labelled NYETTAMEHYON.
  2402 | D:3      | 2402 ||| READING 2 scrolls labelled JYCKUC POPSUI.
  2403 | D:3      | 2403 ||| READING 6 scrolls of identify.
  2403 | D:3      | 2403 ||| IDENTIFYING fizzy sapphire potion
  2404 | D:3      | 2404 ||| READING 5 scrolls of identify.
  2404 | D:3      | 2404 ||| IDENTIFYING white potion
  2405 | D:3      | 2405 ||| READING 4 scrolls of identify.
  2405 | D:3      | 2405 ||| IDENTIFYING metallic grey potion
  2406 | D:3      | 2406 ||| DROPPING potion of brilliance.
  2407 | D:3      | 2407 ||| DROPPING scroll of fear.
  2448 | D:4      | 2448 ||| Stepping ~*~*~tactically~*~*~ (hiding).
  2459 | D:4      | HP: 5/38 [gnoll bouda/+0 whip (9)]
  2460 | D:4      | 2460 ||| READING scroll of teleportation.
  2460 | D:4      | Slain by a gnoll

Levels and vault maps discovered:
D:1:      roderic_crop_circles_arrival_small, layout_basic
D:2:      layout_basic, nicolae_shop_vocational, uniq_natasha
D:3:      layout_loops_ring, mainiacjoe_overflow_catwalk,
          chequers_ecumenical_altar_simple, gup_sewer_entry_pipe, uniq_ijyb
D:4:      layout_rooms, minmay_temple_entry_offerings,
          dreamdust_princess_bridge, serial_bayou_lake_a

Skill      XL: |  1  2  3  4  5  6 |
---------------+-------------------+-----
Axes           | 2 3 5 |  5.3
Fighting       | 4 |  4.0
Dodging        | 1 |  1.1
Armour         | |  3.2
Shields        | |  3.2

Action                     |  1- 3 |  4- 6 || total
---------------------------+-------+-------++-------
  Melee: War axe           |   122 |   120 ||   242
    Use: Scroll            |     4 |    10 ||    14
 Armour: Scale mail        |    64 |    53 ||   117
  Dodge: Dodged            |    60 |    59 ||   119
  Block: Buckler           |    31 |    20 ||    51

Table legend:
 A = Non-vault XP
 B = Vault XP
 C = Vault XP percentage of total XP
 D = Non-vault monster count
 E = Vault monster count
 F = Vault count percentage of total count
                 A         B        C        D         E       F
            +---------+---------+-------+---------+---------+-------
      Total |     332 |      85 |  20.4 |      60 |       8 |  11.8
            +---------+---------+-------+---------+---------+-------
        D:1 |      52 |       0 |   0.0 |      33 |       0 |   0.0
        D:2 |      50 |      35 |  41.2 |      10 |       1 |   9.1
        D:3 |     216 |      50 |  18.8 |      16 |       7 |  30.4
        D:4 |      14 |       0 |   0.0 |       1 |       0 |   0.0
            +---------+---------+-------+---------+---------+-------
